 Dungeon Crawl Stone Soup version 0.29-a0-121-g8efb068a30 (webtiles) character file.

Game seed: 7108031924267673434

396 cyrus the Chopper (level 6, -9/32 HPs)
             Began as a Vine Stalker Fighter on Feb 20, 2022.
             Was a Plaything of Xom.
             Mangled by an ogre (23 damage)
             ... on level 4 of the Dungeon.
             The game lasted 00:15:11 (7997 turns).

cyrus the Chopper (Vine Stalker Fighter)            Turns: 7997, Time: 00:15:11

Health: -9/32      AC: 17    Str: 16 (17) XL:     6   Next: 82%
Magic:  0/7        EV:  5    Int:  9 (10) God:    Xom [.*....]
Gold:   314        SH:  0    Dex: 12 (13) Spells: 5/5 levels left

rFire   . . .      SeeInvis .   a - +0 war axe
rCold   + . .      Faith    .   h - orb {*Rage}
rNeg    . . .      Spirit   +   r - +4 plate armour {rC+}
rPois   .          Reflect  .   y - +2 hat
rElec   .          Harm     .   (no cloak)
rCorr   .          Rampage  .   (no gloves)
Will    .....      Rage     20% (no boots)
Stlth   ..........              f - amulet of guardian spirit
HPRegen 0.90/turn               (no ring)
MPRegen 0.10/turn               (no ring)

@: no status effects
A: fangs 2, regeneration 1, magic shield, antimagic bite, no potion heal 2,
deterioration 1, weak 1
a: Renounce Religion


You were on level 4 of the Dungeon.
You worshipped Xom.
You were a plaything of Xom.
You visited 1 branch of the dungeon, and saw 5 of its levels.

You collected 314 gold pieces.

Inventory:

Hand Weapons
 a - a +0 war axe (weapon)
 z - a +0 battleaxe
Armour
 b - a +0 scale mail
 c - a +0 buckler
 d - a +0 chain mail
 h - an orb of wrath (worn)
 r - a +4 plate armour of cold resistance (worn)
 x - a scarf of repulsion
 y - a +2 hat (worn)
Jewellery
 f - an amulet of guardian spirit (around neck)
 v - a ring of wizardry
Scrolls
 j - 2 scrolls of summoning {unknown}
 k - a scroll of identify
 l - 2 scrolls of magic mapping {unknown}
 n - a scroll of teleportation {unknown}
 q - a scroll of blinking {unknown}
 s - 2 scrolls of immolation
 t - a scroll of vulnerability {unknown}
 w - a scroll of brand weapon {unknown}
Potions
 e - 5 potions of attraction
 g - 2 potions of heal wounds
 i - 2 potions of mutation {unknown}
 m - 2 potions of brilliance {unknown}
 o - a potion of magic {unknown}
 p - a potion of ambrosia {unknown}
 u - 2 potions of curing


   Skills:
 + Level 3.4 Fighting
 + Level 4.1 Axes
 + Level 3.9 Armour
 + Level 0.8 Dodging
 + Level 1.3 Stealth
 + Level 3.2 Shields


You had 5 spell levels left.
You didn't know any spells.
Your spell library contained the following spells:

 Spells                   Type           Power      Damage    Failure   Level
 Animate Skeleton         Necr           0%         N/A       100%        1
 Apportation              Tloc           0%         N/A       100%        1
 Summon Small Mammal      Summ           0%         N/A       100%        1
 Ensorcelled Hibernation  Hex/Ice        0%         N/A       100%        2


Dungeon Overview and Level Annotations

Branches:
Dungeon (5/15)             Temple (0/1) D:4

Altars:
Xom
Beogh

Annotations:
D:3 3 runed translucent doors, Cancer's ghost, amateur GrEE


Innate Abilities, Weirdness & Mutations

You have extremely sharp teeth.
Your natural rate of healing is unusually fast.
When hurt, damage is shared between your health and your magic reserves.
Your bite disrupts and absorbs the magic of your enemies.
Potions cannot restore your health.
Your body sometimes deteriorates upon taking damage.
You are weak. (Str -2)


Message History

The orc is moderately wounded.
The orc barely misses you.
You slash the orc!
You kill the orc!
Things that are here:
a +0 dagger; a +0 leather armour; an orc corpse You enter the shallow water.
Moving in this stuff is going to be slow.
Done exploring.
Done exploring.
You see here a +0 ring mail.
There is a stone staircase leading down here.
You climb downwards.
The ufetubus shouts!
The ogre shouts!
Found a falchion and a sapphire potion.
There is a stone staircase leading up here.
The ogre barely misses you.
You climb upwards.
There is a stone staircase leading down here.
The ogre hits you with a +0 giant spiked club.
You hit the ogre but do no damage. You bite the ogre. You drain its power.
You feel invigorated.
The ogre is lightly wounded.
The ogre hits you but does no damage.
You barely miss the ogre.
The ogre is lightly wounded.
The ogre hits you but does no damage.
You barely miss the ogre. You bite the ogre. You drain its power.
The ogre is lightly wounded.
The ogre hits you with a +0 giant spiked club!
Your body deteriorates!
You feel weakened.
You slash the ogre!
The ogre is heavily wounded.
The ogre hits you with a +0 giant spiked club!
The ogre hits you with a +0 giant spiked club.
Your body deteriorates!
You feel dopey.
The ogre hits you with a +0 giant spiked club!!
Ouch! That really hurt!
You die...
Xom giggles madly!

########......# #.#.####.###
###..#.######.#......# #
######...........#.####.###
#...#>......[......###.....
######......................##.#
#..............######.......##.#
#.#####.........# ##..........
##'#######......#######.(....##.#
.........#.....O@.......^.....#.#
.........#......######..##.##.#.#
..)....).#......######..##.##.#.#
..#).....#.......................
≈≈.≈≈....#.....#.#.###..##.#####.
≈...≈....##.).##.#..##..##.## #)
..#..#...###.###.##≈≈≈≈≈≈≈≈≈# #.
≈§..≈....# #.....##≈#≈≈≈≈≈#≈# #.
§§.≈≈....##########≈#≈###≈#≈####.


You could see an ogre.

Vanquished Creatures
  A necrophage (D:2)
  A scorpion (D:4)
  An orc priest (D:3)
  An iguana (D:4)
  Jessica (D:2)
  An orc wizard (D:3)
  A howler monkey skeleton (D:4)
  2 adders
  An adder skeleton (D:4)
  3 worms
  2 dart slugs
  6 orcs
  3 bats
  12 endoplasms
  5 giant cockroaches
  5 goblins
  9 hobgoblins
  5 jackals
  5 quokkas
  6 ball pythons
  2 frilled lizards
  10 kobolds
  A quokka skeleton (D:4)
  2 rats
86 creatures vanquished.

Vanquished Creatures (others)
  4 demonic plants (D:1)
  A fungus (D:1)
  2 plants (D:1)
  A withered plant (D:1)
8 creatures vanquished.

Grand Total: 94 creatures vanquished

Notes
Turn   | Place    | Note
-------+----------+-------------------------------------------
     0 | D:1      | cyrus the Vine Stalker Fighter began the quest for the Orb.
     0 | D:1      | Reached XP level 1. HP: 11/11 MP: 2/2
   160 | D:1      | Reached XP level 2. HP: 11/16 MP: 3/3
   533 | D:1      | Found a faded altar of an unknown god.
   558 | D:1      | Prayed at the altar of an unknown god.
   558 | D:1      | Became a worshipper of Xom of Chaos
   790 | D:1      | XOM: silly message
   847 | D:1      | XOM: divination: detect items
  1122 | D:1      | XOM: enchant monster (good)
  1187 | D:1      | Reached XP level 3. HP: 16/19 MP: 2/4
  1420 | D:1      | Reached skill level 2 in Axes
  1643 | D:1      | XOM: god gift: 10 gold pieces
  1919 | D:2      | XOM: divination: detect creatures
  2227 | D:2      | XOM: give mutations
  2227 | D:2      | Gained mutation: Your mind is acute. (Int +2) [Xom's
                  | mischief]
  2227 | D:2      | Lost mutation: Your mind is acute. (Int +2) [Xom's
                  | mischief]
  2589 | D:2      | XOM: butterfly on damage
  2898 | D:2      | XOM: 1-stop teleportation journey
  2957 | D:2      | Noticed a necrophage
  2964 | D:2      | XOM: noise
  2967 | D:2      | XOM: chaos cloud
  2970 | D:2      | Killed a necrophage
  2970 | D:2      | Paralysed by you for 6 turns
  2971 | D:2      | Reached skill level 3 in Axes
  2971 | D:2      | Gained mutation: Your natural rate of healing is unusually
                  | fast. [Vine Stalker growth]
  2971 | D:2      | Reached XP level 4. HP: 24/24 MP: 3/5
  2971 | D:2      | Reached XP level 5. HP: 28/28 MP: 3/6
  3014 | D:2      | XOM: 2-stop teleportation journey
  3288 | D:2      | Noticed Jessica
  3294 | D:2      | XOM: swap monsters
  3298 | D:2      | Killed Jessica
  3299 | D:2      | Reached skill level 1 in Stealth
  3512 | D:2      | Got Jessica's Tome of Hexes
  3801 | D:3      | XOM: butterfly on damage
  3856 | D:3      | XOM: silly message
  3992 | D:3      | XOM: 2-stop teleportation journey
  4016 | D:3      | Reached XP level 6. HP: 32/32 MP: 3/7
  4166 | D:3      | XOM: give mutations
  4166 | D:3      | Gained mutation: You are weak. (Str -2) [Xom's mischief]
  4166 | D:3      | Gained mutation: Your body sometimes deteriorates upon
                  | taking damage. [Xom's mischief]
  4346 | D:3      | XOM: stat loss: -1 Dex (12/13)
  4670 | D:3      | XOM: 1-stop teleportation journey
  4694 | D:3      | Found a runed translucent gate.
  4695 | D:3      | Found a runed translucent gate.
  4695 | D:3      | Identified the +1 hand axe of Disarray {spect, Fly rF-
                  | Str+7 Dex+8}
  4695 | D:3      | Noticed Cancer's ghost (amateur GrEE)
  4696 | D:3      | Found a runed translucent gate.
  4852 | D:3      | XOM: silly message
  4986 | D:3      | XOM: silly message
  5523 | D:4      | Found a staircase to the Ecumenical Temple.
  5885 | D:4      | XOM: scenery: create altars
  6174 | D:4      | XOM: silly message
  6323 | D:4      | Reached skill level 4 in Axes
  6659 | D:4      | XOM: 1-stop teleportation journey
  6678 | D:4      | XOM: 2-stop teleportation journey
  6886 | D:4      | XOM: smoke on damage
  7415 | D:4      | XOM is BORED!
  7979 | D:5      | Entered Level 5 of the Dungeon
  7979 | D:5      | Noticed a sky beast
  7979 | D:5      | Noticed a sky beast
  7997 | D:4      | Mangled by an ogre

Illustrated notes

Levels and vault maps discovered:
D:1:      dpeg_arrival_round_b, layout_loops_cross, shapermc_ecumenical_altar_gd
D:2:      layout_basic, interstate_on_off, kennysheep_jessica_study
D:3:      layout_basic, biasface_ghost_orc_armoury
D:4:      layout_loops_ring, minmay_temple_entry_statues_fountains,
          kennysheep_nondescript, minmay_crystal_water,
          kennysheep_generic_room_2
D:5:      layout_basic, lemuel_coloured_pillars_altar, st_stairs_3

Skill      XL: |  1  2  3  4  5  6 |
---------------+-------------------+-----
Shields        | 3 |  3.2
Axes           | 3 4 |  4.1
Armour         | 3 |  3.9
Fighting       | 3 |  3.4
Stealth        | 1 |  1.3
Dodging        | |  0.8

Action                   |  1- 3 |  4- 6 || total
-------------------------+-------+-------++-------
Melee: War axe           |    93 |   110 ||   203
       Bite              |    19 |    29 ||    48
  Use: Scroll            |     1 |     8 ||     9
       Potion            |     1 |     1 ||     2
 Stab: Petrifying        |     1 |       ||     1
Armor: Scale mail        |    43 |       ||    43
       Chain mail        |     4 |     3 ||     7
       Plate armour      |       |    92 ||    92
Dodge: Dodged            |    48 |    35 ||    83
Block: Buckler           |    16 |       ||    16

Table legend: (Time is in decaauts)
 A = Elapsed time spent in this place.
 B = Non-inter-level travel time spent in this place.
 C = Inter-level travel time spent in this place.
 D = Time resting spent in this place.
 E = Time spent auto-exploring this place.
 F = Levels seen in this place.
 G = Mean time per level.
                   A        B        C        D        E       F      G
               +--------+--------+--------+--------+--------+-----+--------+
         Total |   8251 |   8087 |    164 |   4753 |   2241 |   5 | 1650.2 |
       Dungeon |   8251 |   8087 |    164 |   4753 |   2241 |   5 | 1650.2 |
               +--------+--------+--------+--------+--------+-----+--------+

Top non-repeatable levels by time:
     D:4: 2883 daAuts
     D:2: 2002 daAuts
     D:1: 1768 daAuts
     D:3: 1594 daAuts
     D:5: 1 daAuts
